 Dungeon Crawl Stone Soup version 0.28-a0-983-g1de4e0787c (webtiles) character file.

Game seed: 3225192177153613818

30 Htamos the Shooter (level 3, 0/21 HPs)
             Began as a Deep Elf Hunter on Dec 3, 2021.
             Slain by an adder (1 damage)
             ... on level 2 of the Dungeon.
             The game lasted 00:02:59 (1167 turns).

Htamos the Shooter (Deep Elf Hunter)                Turns: 1167, Time: 00:02:59

Health: 0/21       AC:  3    Str:  9    XL:     3   Next: 3%
Magic:  5/5        EV: 12    Int: 15    God:
Gold:   55         SH:  0    Dex: 17    Spells: 2/2 levels left

rFire   . . .      SeeInvis .   b - +1 short sword (speed)
rCold   . . .      Faith    .   (no shield)
rNeg    . . .      Spirit   .   c - +0 leather armour
rPois   .          Reflect  .   (no helmet)
rElec   .          Harm     .   (no cloak)
rCorr   .          Rampage  .   (no gloves)
Will    .....                   (no boots)
Stlth   ++........              (no amulet)
HPRegen 0.07/turn               (no ring)
MPRegen 0.09/turn               (no ring)

@: lethally poisoned (0 -> -11), attractive
A: no striking features
a: no special abilities


You were on level 2 of the Dungeon.
You visited 1 branch of the dungeon, and saw 2 of its levels.

You collected 55 gold pieces.

Inventory:

Hand Weapons
 a - a +1 shortbow
 b - a +1 short sword of speed (weapon)
 e - a +0 short sword
Armour
 c - a +0 leather armour (worn)
 g - a +0 tower shield
Scrolls
 i - a scroll of fog {unknown}
 j - a scroll of magic mapping {unknown}


   Skills:
 * Level 2.0 Fighting
 + Level 0.7 Short Blades
 + Level 5.6 Bows
 + Level 2.8 Dodging
 + Level 2.0 Stealth


You had 2 spell levels left.
You didn't know any spells.
Your spell library was empty.

Dungeon Overview and Level Annotations

Branches:
Dungeon (2/15)

Altars:


Message History

You feel sick. The dart slug is attracted toward you.
Unknown command.
You closely miss the adder.
The adder is lightly wounded.
You feel sick. The adder barely misses you.
You closely miss the adder.
The adder is lightly wounded.
The adder closely misses you. The dart slug launches a dart at you.
The slug dart hits you.
You hit the adder.
The adder is heavily wounded.
You feel sick. The adder barely misses you.
You hit the adder but do no damage.
The adder is heavily wounded.
You feel sick. The adder barely misses you.
The dart slug launches a dart at you. The slug dart hits you.
* * * LOW HITPOINT WARNING * * *
You closely miss the adder.
The adder is heavily wounded.
You feel sick.
You are no longer poisoned.
The adder bites you.
* * * LOW HITPOINT WARNING * * *
You are lethally poisoned!
The adder poisons you!
You hit the adder but do no damage.
The adder is heavily wounded.
* * * LOW HITPOINT WARNING * * *
You feel sick. The adder bites you.
* * * LOW HITPOINT WARNING * * *
You are more poisoned.
The adder poisons you! The dart slug bites you.
* * * LOW HITPOINT WARNING * * *
You barely miss the adder.
The adder is heavily wounded.
* * * LOW HITPOINT WARNING * * *
You feel sick. The adder bites you.
You die...

#......#######.....#
#.#..
...####.#########.###
#.#..
.#...##......#.....
#.... #..............
#.... #..............
..... #..............
..... #.....†........
..... #..............
........@.......
........Sw.......
.......(.........
....()..........
...((.......####
...>..##...## .(...
#.### (.... ..#


You could see an adder and a dart slug.

Vanquished Creatures
  2 endoplasms (D:1)
  2 giant cockroaches
  3 goblins
  7 kobolds
  A quokka (D:1)
  4 ball pythons
  2 bats (D:2)
  2 frilled lizards (D:2)
  4 rats
27 creatures vanquished.

Notes
Turn   | Place    | Note
-------+----------+-------------------------------------------
     0 | D:1      | Htamos the Deep Elf Hunter began the quest for the Orb.
     0 | D:1      | Reached XP level 1. HP: 12/12 MP: 3/3
   132 | D:1      | Found a faded altar of an unknown god.
   295 | D:1      | Reached XP level 2. HP: 16/17 MP: 4/4
  1150 | D:2      | Reached XP level 3. HP: 21/21 MP: 5/5
  1167 | D:2      | HP: 1/21 [poisoned by an adder]
  1167 | D:2      | Slain by an adder

Illustrated notes

Levels and vault maps discovered:
D:1:      saegor_arrival_simple_c, layout_loops_corners,
          ebering_ecumenical_altar_abandoned
D:2:      layout_rooms

Skill      XL: |  1  2 |
---------------+-------+-----
Fighting       | 2 |  2.0
Stealth        | 2 |  2.0
Short Blades   | |  0.7
Bows           | |  5.6
Dodging        | |  2.8

Action                   || total
-------------------------++-------
Melee: Short sword       ||    26
 Fire: Shortbow          ||    52
  Use: Potion            ||     2
Armor: Leather armour    ||     7
Dodge: Dodged            ||    11

Table legend: (Time is in decaauts)
 A = Elapsed time spent in this place.
 B = Non-inter-level travel time spent in this place.
 C = Inter-level travel time spent in this place.
 D = Time resting spent in this place.
 E = Time spent auto-exploring this place.
 F = Levels seen in this place.
 G = Mean time per level.
                   A        B        C        D        E       F      G
               +--------+--------+--------+--------+--------+-----+--------+
         Total |   1155 |   1117 |     38 |      0 |    950 |   2 |  577.5 |
       Dungeon |   1155 |   1117 |     38 |      0 |    950 |   2 |  577.5 |
               +--------+--------+--------+--------+--------+-----+--------+

Top non-repeatable levels by time:
     D:1: 984 daAuts
     D:2: 171 daAuts
